Marble, chaotic male elven Priest ---- -- -.-- |... |. ...--....---- -.- ............ .| .%......... --.-- -- -.......... |...--.- ............. ....... .......... ...... ---......... -....-- ---- ............. ....... ... - ---........... -....----... .............#- ---......|.....- -..........#--..............| -)....()%.....|..- - --- ------ ---------###.....%.(Gaa%.|..| |....................................%@.)...| -----------------------------.-----..--..|.-- -- ---------- Marble the Adept Experience level: 6 Strength: 11 Dexterity: 12 Constitution: 16 Intelligence: 8 Wisdom: 18 Charisma: 11 Health: 0(55) Energy: 9(65) Def: 10 Gold: 0 Moves: 2775 Dungeon seed: 6N_5ZB34d6EDCvzM Game ID: Marble_1615577844 Your Inventory: Weapons a - a blessed +1 mace (weapon in hand) s - a +0 elven dagger C - 4 +0 arrows (in quiver) D - a +0 bow (alternate weapon; not wielded) Armor e - a +0 robe (being worn) n - a +0 small shield (being worn) y - a +0 leather armor (being worn) z - a +1 orcish helm (being worn) F - a +1 pair of iron shoes (being worn) Comestibles c - a clove of garlic d - a sprig of wolfsbane Spells and supernatural/magical abilities: Name Level Category Fail Memory h - healing 1 healing 0% 87% B - cure blindness 2 healing 35% 94% O - create monster 2 clerical 0% 87% W - pray for help -- divine ? -- X - turn undead -- divine ? -- Your skills at the end: Fighting Skills Weapon Skills mace [Basic] Spellcasting Skills clerical spells [Basic] Final Attributes: You were piously aligned. You were sleep resistant. You had infravision. You are dead. Vanquished creatures: a dwarf king a gnome king a plains centaur an orc shaman 2 shriekers 4 gnome lords a paper golem a kitten 4 dwarves 2 giant bats 2 iguanas an acid blob 3 hobbits a large kobold 2 giant rats a brown mold a yellow mold a green mold a red mold 14 gnomes 2 geckos a jackal a fox 2 goblins 2 sewer rats 7 grid bugs 6 lichens 3 newts 69 creatures vanquished. Voluntary challenges: You had been an atheist until turn 1989. You used a wielded weapon 92 times, starting on turn 238. You read items or engraved 3 times, starting on turn 822. You never genocided any monsters. You never polymorphed an object. You never changed form. You used no wishes. You never split a pudding. You never wrote Elbereth's name. You violated your moral code, losing 1 point of alignment, starting on turn 1469. Dungeon overview: The Dungeons of Doom: levels 1 to 5 Level 1 a fountain, a sink a long staircase Level 2 Level 3 a fountain Level 4 stairs to The Gnomish Mines Level 5 a sink The Gnomish Mines: levels 5 to 6 Level 5 stairs to The Dungeons of Doom Level 6 <- You were here History has recorded: On T:1 you entered the Dungeons of Doom to retrieve the Amulet of Yendor! On T:499 you reached level 2 of The Dungeons of Doom. On T:775 you reached level 3 of The Dungeons of Doom. On T:780 you advanced to experience level 2. On T:1186 you advanced to experience level 3. On T:1502 you reached level 4 of The Dungeons of Doom. On T:1822 you advanced to experience level 4. On T:1985 you reached level 5 of The Dungeons of Doom. On T:2067 you reached level 1 of The Gnomish Mines. On T:2167 you advanced to experience level 5. On T:2576 you reached level 2 of The Gnomish Mines. On T:2608 you advanced to experience level 6. Score breakdown: Gold: 0 ( 0 points) Experience: 6 levels (12456 points) Exploration: 6 levels ( 11.76%) ( 9486 points) Discoveries: 6 items ( 2.10%) ( 4345 points) Valuables value: (no points given unless you survive) Artifact value: 0 ( 0 points) Variety of kills: 28 monsters ( 7.35%) ( 8132 points) Turncount: 2775 turns ( -484 points) Survival: died (score multiplied by 80%) Total score: 27148 Latest messages: The plains centaur wields a dagger! You hit the plains centaur. The plains centaur thrusts his dagger. The plains centaur misses. The plains centaur kicks! The gnome lord picks up a hooded cloak. The gnome lord puts on a hooded cloak. The plains centaur thrusts his dagger. The plains centaur hits! The plains centaur kicks! You hit the plains centaur. The plains centaur thrusts his dagger. The plains centaur hits! The plains centaur kicks! You kill the plains centaur! There are several objects here. C - 4 arrows (in quiver). The soldier ant bites! The soldier ant stings! The soldier ant misses. The soldier ant stings! The soldier ant bites! The soldier ant misses. (2x) The soldier ant stings! You die... Final status: Goodbye Marble the Priest, killed by a soldier ant... You died in The Gnomish Mines on dungeon level 6 with 27148 points, and 0 pieces of gold, after 2775 moves. You were level 6 with a maximum of 55 hit points when you died.